 Dungeon Crawl Stone Soup version 0.30-a0-862-g1aabd4f9c5 (webtiles) character file.

Game seed: 9409962026243073428

15515 Pimp the Covert (level 12, -14/51 HPs)
             Began as a Spriggan Conjurer on Mar 9, 2023.
             Hit by a large rock thrown by a cyclops (15 damage)
             ... on level 10 of the Dungeon.
             The game lasted 01:23:05 (22464 turns).

Pimp the Covert (Spriggan Conjurer)                Turns: 22464, Time: 01:23:05

Health: -14/51     AC:  6    Str: -1 (1)  XL:     12   Next: 1%
Magic:  34/35      EV: 27    Int: 23 (25) God:
Gold:   1961       SH:  5    Dex: 23 (24) Spells: 8/30 levels left

rFire   . . .      SeeInvis +    l - +0 long sword "Asifuek" {spect, MP+9 Int+3 Dex+2}
rCold   + . .      Faith    .    (no shield)
rNeg    . . .      Spirit   .    a - +2 robe
rPois   .          Reflect  +    (helmet restricted)
rElec   .          Rampage  .    (no cloak)
rCorr   .                        (gloves unavailable)
Will    ++...                    (boots unavailable)
Stlth   ++++++                   q - amulet of reflection
HPRegen 0.00/turn                k - +6 ring of dexterity
MPRegen 0.24/turn                m - +4 ring of slaying

@: inhibited regen, slowed, lost strength, quick
A: very small, no large weapons, unfitting armour, see invisible, speed 3,
iridescent scales 1, cold resistance 1, deterioration 1, weak 1
a: no special abilities


You were on level 10 of the Dungeon.
You visited 1 branch of the dungeon, and saw 11 of its levels.

You collected 1961 gold pieces.

Inventory:

Hand Weapons
 f - a +1 heavy dagger
 l - the +0 long sword "Asifuek" (weapon) {spect, MP+9 Int+3 Dex+2}
   (You found it on level 5 of the Dungeon)

   Int:       It affects your intelligence (+3).
   Dex:       It affects your dexterity (+2).
   MP:        It affects your magic capacity (+9).
 B - a +5 vampiric dagger
Missiles
 b - a throwing net
 g - 45 poisoned darts
Armour
 a - a +2 robe (worn)
Magical Staves
 x - a staff of conjuration
Jewellery
 i - a +4 ring of protection
 k - a +6 ring of dexterity (left hand)
 m - a +4 ring of slaying (right hand)
 q - an amulet of reflection (around neck)
Wands
 o - a wand of charming (5)
Scrolls
 n - 2 scrolls of identify
 s - a scroll of poison
 v - a scroll of immolation
 w - 3 scrolls of blinking
 y - 2 scrolls of fog
Potions
 c - 3 potions of curing
 e - 2 potions of invisibility
 h - 4 potions of might
 r - 2 potions of brilliance
 t - a potion of resistance {unknown}
 u - a potion of ambrosia {unknown}
 C - 2 potions of attraction {unknown}


   Skills:
 + Level 8.3 Short Blades
 + Level 10.3 Dodging
 + Level 12.1 Stealth
 + Level 9.5 Spellcasting
 + Level 6.6 Conjurations
 + Level 9.0 Hexes
 + Level 8.6 Evocations


You had 8 spell levels left.
You knew the following spells:

 Your Spells              Type           Power      Damage    Failure   Level
a - Magic Dart            Conj           100%       1d8       1%          1
b - Searing Ray           Conj           82%        2d7       1%          2
c - Dazzling Flash        Conj/Hex       92%        N/A       1%          3
d - Confusing Touch       Hex            51%        N/A       1%          3
e - Fulminant Prism       Conj/Hex       23%        3d12      2%          4
f - Iskenderun's Battles  Conj           41%        2d9       11%         5
g - Iskenderun's Mystic   Conj/Tloc      26%        2d7       16%         4

Your spell library contained the following spells:

 Spells                   Type           Power      Damage    Failure   Level
 Kiss of Death            Conj/Necr      100%       2d13      1%          1
 Necrotise                Necr           44%        1d6       6%          1
 Ozocubu's Armour         Ice            11%        N/A       19%         3
 Vampiric Draining        Necr           11%        2d6       19%         3
 Metabolic Englaciation   Hex/Ice        15%        N/A       26%         5
 Fireball                 Conj/Fire      13%        3d7       38%         5
 Dispel Undead            Necr           11%        3d9       52%         4
 Petrify                  Tmut/Erth      11%        N/A       52%         4
 Agony                    Necr           11%        N/A       86%         5
 Conjure Ball Lightning   Conj/Air       13%        3x3d6     93%         6
 Orb of Destruction       Conj           20%        9d8       97%         7
 Simulacrum               Ice/Necr       5%         N/A       100%        6
 Statue Form              Tmut/Erth      7%         N/A       100%        6


Dungeon Overview and Level Annotations

Branches:
Dungeon (11/15)              Lair (0/5) D:10            Orc (0/2) D:11
 Temple: D:4-7

Altars:
Elyvilon
Fedhas
Qazlal
Uskayaw


Innate Abilities, Weirdness & Mutations

You are very small and have problems with some larger weapons.
You are too small for most types of armour.
You have supernaturally acute eyesight. (SInv)
You cover ground extremely quickly. (Speed+++)
You are partially covered in iridescent scales. (AC +2)
Your flesh is cold resistant. (rC+)
Your body sometimes deteriorates upon taking damage.
You are weak. (Str -2)


Message History

Your spectral weapon shares its damage with you!
The centaur warrior skeleton hits you.
The centaur warrior skeleton completely misses you.
The orc misses you. The cyclops barely misses you.
The centaur warrior skeleton hits you.
The centaur warrior skeleton completely misses you.
The necromancer casts a spell.
The necromancer binds the souls of nearby monsters.
The flying skull completely misses you. The orc completely misses you.
The centaur warrior skeleton completely misses you.
The centaur warrior skeleton barely misses you.
The flying skull hits you but does no damage.
The cyclops closely misses you.
You climb upwards.
Your battlesphere wavers and loses cohesion.
There is a stone staircase leading down here.
Unknown command.
You hit the cyclops.
The cyclops is heavily wounded.
Your +0 long sword "Asifuek" {spect, MP+9 Int+3 Dex+2} hits the cyclops!
The cyclops barely misses your +0 long sword "Asifuek" {spect, MP+9 Int+3 Dex+2}.
You hit the cyclops.
The cyclops is almost dead.
Your +0 long sword "Asifuek" {spect, MP+9 Int+3 Dex+2} hits the cyclops.
The cyclops hits you!
* * * LOW HITPOINT WARNING * * *
Your body deteriorates!
You feel weakened.
You hit the cyclops.
The cyclops is almost dead.
Your +0 long sword "Asifuek" {spect, MP+9 Int+3 Dex+2} hits the cyclops but does no damage.
The cyclops closely misses your +0 long sword "Asifuek" {spect, MP+9 Int+3 Dex+2}.
The cyclops hits your +0 long sword "Asifuek" {spect, MP+9 Int+3 Dex+2}!!
Your spectral weapon shares its damage with you!
Your +0 long sword "Asifuek" {spect, MP+9 Int+3 Dex+2} fades away.
* * * LOW HITPOINT WARNING * * *
Casting: Magic Dart (safe; 1% risk of failure)
Confirm with . or Enter, or press ? or * to list all spells.
Okay, then.
The cyclops throws a large rock.
The large rock hits you!
You die...

..>..........# ##....# #
.........P...# #..#### #
.............# #.## ######
.P...........######.# #.....
...........#.....##.# ######..<..
...........#####.#..###..........
.P..........# #.#.#)))....#.....
.....(..###.# ##...[).######.....
..........#.# #.@.[>).# #.....
#.........#.###.#.##### ######
..........#.....#.#
#.........###...#.#
##.##.######..#.#C## #.##†#
##..##...)#
##.##.####.........#######
#..##........#..#........#
.........##.##.(#........#


You could see a cyclops (soul bound).

Vanquished Creatures
  Harold (D:8)
  2 boulder beetles (D:9)
  A centaur warrior (D:9)
  2 two-headed ogres
  3 centaur zombies (D:11)
  A cyclops (D:11)
  3 centaur skeletons (D:11)
  2 unseen horrors
  A kobold demonologist (D:11)
  A komodo dragon (D:10)
  3 trolls
  Prince Ribbit (D:6)
  A flying skull (D:10)
  2 shadows
  4 wraiths
  3 wyverns
  A vampire (D:6)
  An unseen horror simulacrum (D:9)
  5 yaks
  Eustachio (D:5)
  A vampire mosquito (D:9)
  A steam dragon (D:9)
  An acid dragon (D:10)
  6 water moccasins (D:10)
  4 orc warriors
  2 black bears (D:10)
  3 ogres
  5 centaurs
  3 phantoms
  7 kobold brigands
  4 scorpions
  7 bullfrogs
  A gnoll sergeant (D:10)
  6 wights
  3 howler monkeys
  6 jellies
  4 hounds
  2 gnoll boudas
  4 orc priests
  5 iguanas
  10 orc wizards
  A howler monkey zombie (D:11)
  A howler monkey skeleton (D:11)
  6 adders
  20 gnolls
  2 ufetubi
  7 worms
  2 dart slugs
  53 orcs
  An endoplasm (D:2)
  4 giant cockroaches
  10 hobgoblins
  52 kobolds
  3 quokkas
  8 ball pythons
  5 bats
  3 frilled lizards
  2 goblins (D:1)
  4 rats
  A fulminant prism (D:11)
309 creatures vanquished.

Vanquished Creatures (others)
  103 fulminant prisms
  52 fungi (D:10)
  85 plants
240 creatures vanquished.

Grand Total: 549 creatures vanquished

Notes
Turn   | Place    | Note
-------+----------+-------------------------------------------
     0 | D:1      | Pimp the Spriggan Conjurer began the quest for the Orb.
     0 | D:1      | Reached XP level 1. HP: 9/9 MP: 5/5
   506 | D:1      | Reached XP level 2. HP: 13/13 MP: 3/6
  1437 | D:2      | Reached XP level 3. HP: 4/16 MP: 1/8
  1441 | D:2      | Learned a level 2 spell: Searing Ray
  1445 | D:2      | Learned a level 3 spell: Dazzling Flash
  1613 | D:2      | Reached skill level 1 in Short Blades
  1694 | D:2      | Identified the +2 spear of Paper {flame, Fragile Will+++
                  | rCorr Dex-2}
  2041 | D:2      | Found a faded altar of an unknown god.
  2732 | D:3      | Reached XP level 4. HP: 21/21 MP: 7/10
  2734 | D:3      | Reached skill level 4 in Stealth
  2788 | D:3      | Reached skill level 1 in Hexes
  2984 | D:3      | Noticed a kobold brigand
  3114 | D:3      | Killed a kobold brigand
  3115 | D:3      | Reached XP level 5. HP: 10/24 MP: 5/11
  3332 | D:3      | Reached skill level 5 in Stealth
  3332 | D:3      | Reached XP level 6. HP: 20/28 MP: 7/13
  3583 | D:3      | Found a blossoming altar of Fedhas.
  3750 | D:3      | Identified a scroll of acquirement
  3750 | D:3      | Acquired 1025 gold pieces
  4506 | D:4      | Reached XP level 7. HP: 32/32 MP: 14/14
  4703 | D:4      | Reached skill level 6 in Stealth
  4784 | D:4      | Reached skill level 5 in Dodging
  5214 | D:4      | Reached skill level 5 in Spellcasting
  5262 | D:4      | Learned a level 3 spell: Confusing Touch
  5267 | D:4      | Learned a level 4 spell: Fulminant Prism
  5470 | D:5      | Entered Level 5 of the Dungeon
  5901 | D:5      | Identified the +0 pair of boots of Insurance {Harm rElec
                  | Int+3 Dex-5 Stlth+}
  5999 | D:5      | Reached XP level 8. HP: 33/36 MP: 5/16
  6006 | D:5      | Reached skill level 1 in Evocations
  6381 | D:5      | Noticed Eustachio
  6435 | D:5      | Killed Eustachio
  6436 | D:5      | Reached skill level 7 in Stealth
  6759 | D:5      | Identified the +0 long sword "Asifuek" {spect, MP+9 Int+3
                  | Dex+2}
  7540 | D:6      | Reached skill level 5 in Hexes
  7553 | D:6      | Reached XP level 9. HP: 36/39 MP: 19/19
  8106 | D:6      | Reached skill level 5 in Short Blades
  8131 | D:6      | Noticed Prince Ribbit
  8151 | D:6      | Killed Prince Ribbit
  8152 | D:6      | Reached skill level 8 in Stealth
  8671 | D:7      | Found a stormy altar of Qazlal.
  8895 | D:7      | Noticed a two-headed ogre
  8941 | D:7      | Killed a two-headed ogre
  8942 | D:7      | Reached skill level 5 in Conjurations
  9112 | D:7      | Reached skill level 9 in Stealth
  9566 | D:7      | Reached skill level 5 in Evocations
  9658 | D:8      | Reached XP level 10. HP: 40/44 MP: 22/22
 10102 | D:8      | Found a hide-covered altar of Uskayaw.
 11468 | D:9      | Noticed a boulder beetle
 11472 | D:9      | Noticed a centaur warrior
 11640 | D:8      | Learned a level 5 spell: Iskenderun's Battlesphere
 12071 | D:9      | Reached skill level 10 in Stealth
 12139 | D:9      | Noticed a boulder beetle
 12141 | D:9      | Noticed a two-headed ogre
 12145 | D:9      | a two-headed ogre changed into a shining eye
 12145 | D:9      | Noticed a shining eye (shapeshifter)
 12204 | D:9      | Noticed Harold
 12345 | D:9      | Noticed a swamp dragon
 12372 | D:9      | Noticed a faun
 12382 | D:9      | a faun changed into a ghost moth
 12382 | D:9      | Noticed a ghost moth (shapeshifter)
 12732 | D:9      | Killed a boulder beetle
 12938 | D:9      | Noticed an anaconda
 12941 | D:9      | HP: 1/44 [Harold/harpoon shot (13)]
 12972 | D:9      | HP: 2/44 [centaur warrior (6)]
 12976 | D:9      | Killed a centaur warrior
 13093 | D:8      | Learned a level 4 spell: Iskenderun's Mystic Blast
 13093 | D:8      | Gained mutation: Your flesh is cold resistant. (rC+)
                  | [potion of mutation]
 13093 | D:8      | Gained mutation: You occasionally lose the ability to read
                  | scrolls when taking damage. [potion of mutation]
 13093 | D:8      | Gained mutation: You are weak. (Str -2) [potion of
                  | mutation]
 13093 | D:8      | Gained mutation: You passively dampen the noise of your
                  | surroundings. [potion of mutation]
 13094 | D:8      | Lost mutation: You occasionally lose the ability to read
                  | scrolls when taking damage. [potion of mutation]
 13094 | D:8      | Lost mutation: You passively dampen the noise of your
                  | surroundings. [potion of mutation]
 13094 | D:8      | Gained mutation: You are partially covered in iridescent
                  | scales. (AC +2) [potion of mutation]
 13094 | D:8      | Gained mutation: Your body sometimes deteriorates upon
                  | taking damage. [potion of mutation]
 13364 | D:8      | Killed Harold
 13558 | D:9      | Reached XP level 11. HP: 43/47 MP: 6/24
 13613 | D:9      | Noticed a skyshark
 13899 | D:9      | Killed a boulder beetle
 14215 | D:9      | Noticed a skyshark
 14218 | D:9      | a skyshark changed into a sea snake
 14218 | D:9      | Noticed a sea snake (shapeshifter)
 14264 | D:9      | a sea snake changed into a torpor snail
 14465 | D:10     | Entered Level 10 of the Dungeon
 14766 | D:10     | Found a white marble altar of Elyvilon.
 14845 | D:10     | Noticed a two-headed ogre
 14873 | D:10     | Killed a two-headed ogre
 14874 | D:10     | Reached skill level 11 in Stealth
 15410 | D:10     | Found a staircase to the Lair.
 15831 | D:11     | Noticed a necromancer
 16029 | D:11     | Found a staircase to the Orcish Mines.
 16209 | D:11     | Lost strength.
 16413 | D:11     | Reached skill level 10 in Dodging
 16857 | D:11     | Reached skill level 12 in Stealth
 17043 | D:11     | Lost strength.
 22359 | D:11     | Reached XP level 12. HP: 38/51 MP: 26/26
 22460 | D:10     | HP: 1/51 [cyclops (9)]
 22464 | D:10     | Hit by a large rock thrown by a cyclops

Illustrated notes

Levels and vault maps discovered:
D:1:      kilobyte_arrival_exit_the_forest, layout_basic, minmay_hexomino_f4
D:2:      layout_rooms, dreamdust_ecumenical_altar_angels_and_demons
D:3:      minmay_goblin_kobold_castle, layout_rooms, fedhas_altar_fruit_tree
D:4:      layout_loops_ring
D:5:      layout_cave_pools, serial_bayou_lagoon_a, minmay_pentangle,
          uniq_eustachio
D:6:      layout_basic, minmay_temple_entry_from_below_b, uniq_prince_ribbit1
D:7:      layout_loops_ring, nicolae_overflow_crystal_walls, minmay_microvault
D:8:      layout_basic, general_overflow_altar
D:9:      layout_roguey, serial_corexii_hall, corexii_hall_statues_t,
          corexii_hall_statues_i, chequers_hall_statues_wall_a,
          minmay_shattered_shrine, uniq_harold
D:10:     layout_rooms, elyvilon_altar_1, due_lair_maze_entry_diamond
D:11:     hangedman_screamer, layout_cave_pools, hiddenorc2_lemuel

Skill      XL: |  1  2  3  4  5  6  7  8  9 10 11 12 |
---------------+-------------------------------------+-----
Conjurations   | 3 4 5 6 |  6.6
Dodging        | 3 4 5 6 7 9 10 | 10.3
Spellcasting   | 3 4 5 6 7 8 9 |  9.5
Short Blades   | 1 2 3 4 6 7 8 |  8.3
Stealth        | 4 5 6 7 9 10 12 | 12.1
Hexes          | 1 2 3 4 5 6 7 8 9 |  9.0
Evocations     | 3 5 7 8 |  8.6

Action                     |  1- 3 |  4- 6 |  7- 9 | 10-12 || total
---------------------------+-------+-------+-------+-------++-------
  Melee: Unarmed           |    36 |       |       |       ||    36
         Dagger            |    38 |       |     1 |       ||    39
         Spear             |    12 |    68 |    60 |       ||   140
         Staff             |       |       |    14 |       ||    14
         Long sword        |       |       |   102 |   217 ||   319
         Punch             |       |       |     2 |     4 ||     6
  Throw: Dart              |    19 |     3 |     2 |       ||    24
         Throwing net      |       |       |       |     2 ||     2
   Cast: Magic Dart        |    44 |    16 |    31 |    31 ||   122
         Searing Ray       |    15 |    21 |    37 |    23 ||    96
         Fulminant Prism   |       |       |     2 |   102 ||   104
         Iskenderun's Batt |       |       |       |     3 ||     3
         Confusing Touch   |       |       |       |     1 ||     1
  Evoke: Wand              |       |       |    10 |     8 ||    18
    Use: Scroll            |     5 |     3 |    11 |     9 ||    28
         Potion            |       |     1 |     2 |    17 ||    20
   Stab: Sleeping          |     3 |     4 |    18 |     7 ||    32
         Distracted        |       |       |     3 |     9 ||    12
 Armour: Robe              |    23 |    15 |    11 |    33 ||    82
  Dodge: Dodged            |    98 |    67 |   139 |   390 ||   694
  Block: Other             |       |       |    15 |    76 ||    91
         Reflection        |       |       |     3 |     6 ||     9

Table legend: (Time is in decaauts)
 A = Elapsed time spent in this place.
 B = Non-inter-level travel time spent in this place.
 C = Inter-level travel time spent in this place.
 D = Time resting spent in this place.
 E = Time spent auto-exploring this place.
 F = Levels seen in this place.
 G = Mean time per level.
                   A        B        C        D        E       F      G
               +--------+--------+--------+--------+--------+-----+--------+
         Total |  21929 |  21366 |    563 |  14048 |   3495 |  11 | 1993.5 |
       Dungeon |  21929 |  21366 |    563 |  14048 |   3495 |  11 | 1993.5 |
               +--------+--------+--------+--------+--------+-----+--------+

Top non-repeatable levels by time:
    D:10: 10360 daAuts
     D:8: 2284 daAuts
     D:9: 1606 daAuts
     D:3: 1543 daAuts
     D:5: 1167 daAuts
     D:6: 1050 daAuts
     D:4: 1031 daAuts
     D:1: 916 daAuts
     D:2: 836 daAuts
     D:7: 821 daAuts
    D:11: 310 daAuts
